 Dungeon Crawl Stone Soup version 0.31-a0-496-g6f97920a28 (webtiles) character file.

Game seed: 6955150831834269710

6137 jasper the Destroyer (level 10, -4/49 HPs)
             Began as a Spriggan Conjurer on Aug 8, 2023.
             Was a Follower of Vehumet.
             Slain by a two-headed ogre
             ... wielding a +0 dire flail
              (25 damage)
             ... on level 9 of the Dungeon.
             The game lasted 00:21:20 (11639 turns).

jasper the Destroyer (Spriggan Conjurer)           Turns: 11639, Time: 00:21:21

Health: -4/49      AC: -6    Str:  3    XL:     10   Next: 59%
Magic:  1/17       EV: 17    Int: 24    God:    Vehumet [*.....]
Gold:   807        SH:  0    Dex: 14    Spells: 5/17 levels left

rFire   . . .        n - +0 rapier
rCold   . . .        (no shield)
rNeg    . . .        a - +0 robe
rPois   .            (helmet restricted)
rElec   .            (no cloak)
rCorr   .            (gloves unavailable)
SInv    +            (boots unavailable)
Will    +....        o - amulet of regeneration
Stlth   +++          (no ring)
HPRegen 1.08/turn    (no ring)
MPRegen 0.15/turn

%: no passive effects
@: corroded, very quick
A: very small, no large weapons, unfitting armour, see invisible, speed 3
a: Renounce Religion


You were on level 9 of the Dungeon.
You worshipped Vehumet.
Vehumet was aware of your devotion.
You visited 1 branch of the dungeon, and saw 9 of its levels.

You collected 807 gold pieces.

Inventory:

Hand Weapons
 c - a +0 club
 n - a +0 rapier (weapon)
Armour
 a - a +0 robe (worn)
Jewellery
 f - an amulet of faith
 j - an amulet of reflection
 o - an amulet of regeneration (around neck)
Wands
 w - a wand of roots (24)
 B - a wand of paralysis (24)
 C - a wand of polymorph (12)
Scrolls
 e - 2 scrolls of immolation
 h - 2 scrolls of identify
 m - a scroll of teleportation
 p - 4 scrolls of amnesia
 q - a scroll of vulnerability
 s - a scroll of enchant armour
 v - 4 scrolls of poison
 y - a scroll of revelation
 z - a scroll of silence
 A - a scroll of summoning
Potions
 b - 2 potions of attraction
 d - 2 potions of enlightenment
 g - a potion of degeneration
 i - 4 potions of haste
 k - 3 potions of mutation
 l - a potion of resistance
 r - a potion of curing
 t - a potion of brilliance


   Skills:
 + Level 3.6(1.8) Fighting
 + Level 6.6(3.3) Dodging
 + Level 7.8(3.9) Stealth
 - Level 4.0(2.0) Spellcasting
 - Level 10.0(6.0) Conjurations
 - Level 5.0(2.5) Hexes
 - Level 5.0(2.5) Translocations
 - Level 3.0(1.5) Evocations


You had 5 spell levels left.
You knew the following spells:

 Your Spells              Type           Power      Damage    Failure   Level
a - Magic Dart            Conj           100%       1d8       1%          1
b - Searing Ray           Conj           62%        2d6       1%          2
c - Apportation           Tloc           28%        N/A       4%          1
d - Fulminant Prism       Conj/Hex       11%        3d8       21%         4
e - Iskenderun's Mystic   Conj/Tloc      22%        2d6       21%         4

Your spell library contained the following spells:

 Spells                   Type           Power      Damage    Failure   Level
 Kiss of Death            Conj/Necr      64%        2d10      3%          1
 Dazzling Flash           Conj/Hex       44%        N/A       6%          3
 Ensorcelled Hibernation  Hex/Ice        16%        N/A       11%         2
 Stone Arrow              Conj/Erth      32%        3d9       11%         3
 Necrotise                Necr           8%         1d4       12%         1
 Sting                    Tmut/Pois      8%         1d3       12%         1
 Summon Small Mammal      Summ           8%         N/A       12%         1
 Gell's Gravitas          Tloc           14%        N/A       13%         3
 Teleport Other           Tloc           14%        N/A       13%         3
 Poisonous Vapours        Pois/Air       4%         N/A       19%         2
 Summon Guardian Golem    Hex/Summ       8%         N/A       22%         3
 Vampiric Draining        Necr           2%         2d6       34%         3
 Anguish                  Hex/Necr       4%         N/A       56%         4
 Animate Armour           Summ/Erth      4%         N/A       75%         4
 Olgreb's Toxic Radiance  Pois           2%         N/A       75%         4
 Summon Lightning Spire   Summ/Air       2%         N/A       75%         4
 Agony                    Necr           2%         N/A       97%         5
 Alistair's Intoxication  Tmut/Pois      1%         N/A       97%         5
 Lee's Rapid Deconstruct  Erth           1%         3d4*      97%         5
 Dispersal                Tloc           7%         N/A       100%        6
 Orb of Destruction       Conj           15%        9d7       100%        7
 Spellforged Servitor     Conj/Summ      8%         N/A       100%        7
 Lehudib's Crystal Spear  Conj/Erth      8%         10d3      100%        8


Dungeon Overview and Level Annotations

Branches:
Dungeon (9/15)             Temple (0/1) D:6
   Lair: D:8-11         Orc: D:9-12

Altars:
Ashenzari
Cheibriados
Fedhas
Gozag
Kikubaaqudgha
Makhleb
Nemelex Xobeh
Qazlal
Uskayaw
Vehumet
Wu Jian
Zin
The Shining One

Shops:
D:4 (   D:8 (


Innate Abilities, Weirdness & Mutations

You are very small and have problems with some larger weapons.
You are too small for most types of armour.
You have supernaturally acute eyesight. (SInv)
You cover ground extremely quickly. (Speed+++)


Message History

The two-headed ogre is lightly wounded.
The two-headed ogre is knocked back by the mystic blast.
You now have 8/17 mp.
Casting: Iskenderun's Mystic Blast (quite dangerous; 21% risk of failure)
Confirm with . or Enter, or press ? or * to list all spells.
You erupt in a blast of force!
The mystic blast hits the acid dragon.
You kill the acid dragon!
Vehumet accepts your kill.
The mystic blast hits the two-headed ogre!
The two-headed ogre is moderately wounded.
The two-headed ogre is knocked back by the mystic blast.
You now have 4/17 mp.
Aiming: Fastroot
Press: ? - help, Shift-Dir - straight line, f - two-headed ogre
Aim: a two-headed ogre, wielding a +0 dire flail and a +0 giant club (moderately wounded)
The roots erupt in riotous growth!
Roots grab the two-headed ogre.
The grasping roots constrict the two-headed ogre!
You hear a shout! x4
The two-headed ogre struggles to escape constriction.
You regained 2 hp, and now have 18/49 hp.
Casting: Iskenderun's Mystic Blast (quite dangerous; 21% risk of failure)
Confirm with . or Enter, or press ? or * to list all spells.
Aiming: Searing Ray (safe; 1% risk of failure)
Press: ? - help, Shift-Dir - straight line, f/p - two-headed ogre
Aim: a two-headed ogre, wielding a +0 dire flail and a +0 giant club (heavily wounded, constricted by roots, 100% to hit)
The searing ray hits the two-headed ogre!
The two-headed ogre is heavily wounded. (Press . to maintain the ray.)
The grasping roots constrict the two-headed ogre.
The roots release their grip on the two-headed ogre.
You now have 3/17 mp.
The searing ray hits the two-headed ogre.
The two-headed ogre is severely wounded.
You now have 2/17 mp.
The searing ray hits the two-headed ogre.
The two-headed ogre is severely wounded.
The two-headed ogre hits you with a +0 dire flail!!
Ouch! That really hurt!
You die...

#..........
##.......... #
#........... #.
##...<.......
#.##...#†........
#..#...#######...
#...............
###O.###........
#..@# ########.
#...#..#
#.##..... #.
##...## # ###.#
.. ... ....


You could see a two-headed ogre.

Vanquished Creatures
  2 two-headed ogres (D:5)
  Pikel (D:5)
  Grinder (D:5)
  4 yaks (D:8)
  Eustachio (D:4)
  An acid dragon (D:9)
  2 water moccasins (D:8)
  3 ice beasts
  2 sky beasts
  4 black bears
  2 ogres
  A centaur (D:5)
  2 phantoms (D:6)
  A kobold brigand (D:5)
  4 lemures (D:5)
  2 bullfrogs
  A scorpion (D:6)
  4 wights (D:8)
  6 killer bees
  3 howler monkeys (D:8)
  5 jellies
  4 hounds
  A gnoll bouda (D:5)
  2 orc priests (D:8)
  A sleepcap (D:5)
  Jessica (D:2)
  4 iguanas
  Ijyb (D:5)
  Natasha (thrice) (D:3)
  7 orc wizards
  15 adders
  4 gnolls (D:5)
  2 river rats (D:3)
  3 white imps
  4 worms (D:3)
  6 dart slugs
  34 orcs
  10 ball pythons
  12 endoplasms
  6 giant cockroaches
  10 goblins
  9 hobgoblins
  A jackal (D:5)
  5 quokkas
  5 bats
  3 frilled lizards
  11 kobolds
  11 rats
227 creatures vanquished.

Vanquished Creatures (others)
  6 fulminant prisms
6 creatures vanquished.

Grand Total: 233 creatures vanquished

Notes
Turn   | Place    | Note
-------+----------+-------------------------------------------
     0 | D:1      | jasper the Spriggan Conjurer began the quest for the Orb.
     0 | D:1      | Reached XP level 1. HP: 9/9 MP: 5/5
     5 | D:1      | You fall into a shaft and drop 1 floor!
   100 | D:1      | Reached skill level 3 in Conjurations
   288 | D:1      | Reached XP level 2. HP: 13/13 MP: 0/7
   340 | D:1      | Learned a level 2 spell: Searing Ray
  1036 | D:1      | Reached XP level 3. HP: 16/16 MP: 7/9
  1038 | D:1      | Learned a level 1 spell: Apportation
  1626 | D:2      | Noticed Jessica
  1866 | D:2      | Reached XP level 4. HP: 21/21 MP: 6/11
  1871 | D:2      | Learned a level 4 spell: Fulminant Prism
  1989 | D:2      | Killed Jessica
  1990 | D:2      | Reached skill level 1 in Translocations
  2033 | D:2      | Reached skill level 1 in Hexes
  2378 | D:3      | Reached skill level 4 in Conjurations
  2590 | D:3      | Noticed Natasha
  2594 | D:3      | Killed Natasha
  2595 | D:3      | Reached XP level 5. HP: 24/24 MP: 7/12
  2691 | D:3      | Noticed Natasha
  2698 | D:3      | Killed Natasha
  3196 | D:3      | Noticed Natasha
  3199 | D:3      | Killed Natasha
  3205 | D:3      | Learned a level 4 spell: Iskenderun's Mystic Blast
  3284 | D:3      | Found a snail-covered altar of Cheibriados.
  3342 | D:3      | Reached XP level 6. HP: 28/28 MP: 9/13
  3537 | D:3      | Found a faded altar of an unknown god.
  3800 | D:4      | Found a broken altar of Ashenzari.
  3813 | D:4      | Noticed Eustachio
  3814 | D:4      | Became a worshipper of Ashenzari the Shackled
  3820 | D:4      | Killed Eustachio
  3952 | D:4      | Reached XP level 7. HP: 32/32 MP: 10/14
  3958 | D:4      | Reached skill level 5 in Translocations
  4101 | D:4      | Found a glowing golden altar of the Shining One.
  4204 | D:4      | Found a sparkling altar of Nemelex Xobeh.
  4263 | D:4      | Reached skill level 5 in Conjurations
  4263 | D:4      | Reached skill level 1 in Evocations
  4283 | D:4      | Reached skill level 5 in Hexes
  4469 | D:4      | Found Totteegg's Weapon Shoppe.
  4801 | D:4      | Found a blossoming altar of Fedhas.
  4938 | D:4      | Found an opulent altar of Gozag.
  4941 | D:4      | Found a hide-covered altar of Uskayaw.
  4944 | D:4      | Found a stormy altar of Qazlal.
  4964 | D:5      | Entered Level 5 of the Dungeon
  5090 | D:5      | Reached XP level 8. HP: 29/36 MP: 5/15
  5091 | D:5      | Noticed a two-headed ogre
  5122 | D:5      | Killed a two-headed ogre
  5123 | D:5      | Reached skill level 7 in Conjurations
  5582 | D:5      | Noticed a two-headed ogre
  5609 | D:5      | Killed a two-headed ogre
  5610 | D:5      | Reached skill level 8 in Conjurations
  5610 | D:5      | Reached XP level 9. HP: 22/39 MP: 11/16
  6036 | D:5      | Reached skill level 9 in Conjurations
  6178 | D:5      | Found a radiant altar of Vehumet.
  6179 | D:5      | Noticed Ijyb
  6203 | D:6      | Found a staircase to the Ecumenical Temple.
  6214 | D:6      | Identified the cursed +1 robe of Ashenzari's Secrets {Self,
                  | Melee}
  6354 | D:6      | Reached * piety under Ashenzari
  6787 | D:6      | Found a glowing silver altar of Zin.
  6833 | D:6      | Reached ** piety under Ashenzari
  6844 | D:6      | Found a burning altar of Makhleb.
  7343 | D:7      | Found an ornate altar of the Wu Jian Council.
  7458 | D:7      | Found an ancient bone altar of Kikubaaqudgha.
  7461 | D:7      | Reached *** piety under Ashenzari
  8003 | D:7      | Reached skill level 10 in Conjurations
  8013 | D:7      | Reached **** piety under Ashenzari
  8172 | D:5      | Killed Ijyb
  8193 | D:5      | Fell from the grace of Ashenzari
  8193 | D:5      | Became a worshipper of Vehumet
  8474 | D:5      | Noticed Grinder
  8505 | D:5      | Killed Grinder
  8506 | D:5      | Reached skill level 1 in Fighting
  8944 | D:5      | Noticed Pikel
  8960 | D:5      | Killed Pikel
  8961 | D:5      | Reached skill level 5 in Stealth
  8961 | D:5      | Reached XP level 10. HP: 46/46 MP: 8/17
  9594 | D:8      | Found Vomel's Weapon Boutique.
  9927 | D:8      | Reached skill level 5 in Dodging
  9931 | D:8      | Reached * piety under Vehumet
  9931 | D:8      | Offered knowledge of Kiss of Death by Vehumet.
 11629 | D:9      | Noticed a two-headed ogre
 11639 | D:9      | Slain by a two-headed ogre

Illustrated notes

Levels and vault maps discovered:
D:1:      wheals_arrival_shading, layout_basic
D:2:      minmay_angry_zag, layout_rooms, uniq_jessica
D:3:      layout_basic, slow_altar_2, lightli_sewer_entry_pipes,
          hellmonk_ecumenical_altar_heavens_door, uniq_natasha
D:4:      layout_basic, nemelex_spade_bored_becter, lemuel_crystal_altar,
          cheibrodos_ashenzari_chains, mainiacjoe_overflow_six_doors_small,
          grunt_temple_overflow_diamond, serial_shops, shop, kennysheep_potato,
          uniq_eustachio
D:5:      layout_basic, tgw_xom, nicolae_vehumet_radiance, serial_corexii_hall,
          chequers_hall_statues_y, chequers_hall_statues_y,
          minmay_divided_ellipse, uniq_pikel, uniq_grinder, uniq_ijyb
D:6:      nicolae_cairo_tiling_very_big, layout_basic, old_standard_altar,
          lemuel_coloured_pillars_altar, minmay_temple_entry_offerings
D:7:      layout_basic, lemuel_crystal_altar, overflow_temple_1_default
D:8:      minmay_goldmine, layout_layer_cave, serial_co_window_serial,
          co_window_corner_a, co_window_paths_b, co_window_paths_a,
          co_window_corner_a, co_window_corner_a, co_window_corner_a,
          co_window_corner_ca, co_window_unsneaky_path_a,
          co_window_unsneaky_path_d, co_window_paths_d, glass_columns_c,
          serial_shops, nicolae_diamond_shop
D:9:      layout_rooms, kennysheep_mini_moat, mainiacjoe_overflow_chevrons,
          chequers_serial_rivers_small_a, uniq_gastronok

Skill      XL: |  1  2  3  4  5  6  7  8  9 10 |
---------------+-------------------------------+-----
Conjurations   | 3 4 5 8 10 | 10.0
Spellcasting   | 3 4 |  4.0
Translocations | 2 3 4 5 |  5.0
Hexes          | 1 2 3 5 |  5.0
Evocations     | 3 |  3.0
Dodging        | 4 6 |  6.6
Fighting       | 1 3 |  3.6
Stealth        | 5 7 |  7.8

Action                     |  1- 3 |  4- 6 |  7- 9 | 10-12 || total
---------------------------+-------+-------+-------+-------++-------
  Melee: Club              |     7 |       |       |       ||     7
         Short sword       |       |     2 |    28 |       ||    30
         Unarmed           |       |       |    15 |       ||    15
         Punch             |       |       |     1 |       ||     1
         Rapier            |       |       |       |    27 ||    27
   Cast: Magic Dart        |    78 |    80 |   147 |    25 ||   330
         Searing Ray       |     6 |    17 |    52 |    29 ||   104
         Apportation       |    11 |     5 |     3 |       ||    19
         Fulminant Prism   |       |       |     4 |     2 ||     6
         Iskenderun's Myst |       |       |     7 |     4 ||    11
 Invoke: Curse Item        |       |       |     5 |       ||     5
  Evoke: Wand              |       |     2 |    10 |     5 ||    17
    Use: Scroll            |     2 |     5 |     1 |     2 ||    10
         Potion            |       |       |     3 |     4 ||     7
   Stab: Sleeping          |       |       |       |     1 ||     1
 Armour: Robe              |     2 |     1 |     9 |     3 ||    15
         Skin              |       |       |    11 |       ||    11
  Dodge: Dodged            |     9 |     8 |    76 |    72 ||   165
  Block: Other             |       |     3 |    15 |       ||    18
         Reflection        |       |       |     2 |       ||     2

Table legend: (Time is in decaauts)
 A = Elapsed time spent in this place.
 B = Non-inter-level travel time spent in this place.
 C = Inter-level travel time spent in this place.
 D = Time resting spent in this place.
 E = Time spent auto-exploring this place.
 F = Levels seen in this place.
 G = Mean time per level.
                   A        B        C        D        E       F      G
               +--------+--------+--------+--------+--------+-----+--------+
         Total |   9385 |   9125 |    260 |    743 |   7093 |   9 | 1042.8 |
       Dungeon |   9385 |   9125 |    260 |    743 |   7093 |   9 | 1042.8 |
               +--------+--------+--------+--------+--------+-----+--------+

Top non-repeatable levels by time:
     D:8: 1733 daAuts
     D:5: 1632 daAuts
     D:3: 1326 daAuts
     D:4: 1067 daAuts
     D:1: 1020 daAuts
     D:7: 921 daAuts
     D:2: 900 daAuts
     D:6: 744 daAuts
     D:9: 38 daAuts
